AoeStats
← Dougladhnn

Black Forest

504307583Analyzed
4v4 RM · 29d ago on Sep 4, 2026· 54m 56s· 8 players
Game mode
Random Map
Map size
Large (8 player)
Population
200
Speed
Normal
Resources
Standard
Victory
Conquest
Starting age
Dark Age
Ending age
Imperial Age
RankedLock teamsTeams togetherTeam positionsShared explorationLock speedFull tech treeHidden civsTurbo modeCheats
Victory
Defeat
🇺🇸 Persians · United States
751
+15
🇳🇴 Turks · Norway
722
+17
🇩🇪 Goths · Germany
664
+19
🇩🇪 Chinese · Germany
660
+20
🇧🇷 Koreans · Brazil
780
-20
🇨🇦 Khmer · Canada
753
-18
🇧🇷 Jurchens · Brazil
734
-18
🇧🇷 Persians · Brazil
686
-15
Nonsohny
1:50 Loom
15:48 Feudal Age
16:16 Horse Collar
16:27 Double-Bit Axe
18:10 Wheelbarrow
17:20 Town Watch
18:00 Gold Mining
18:00 Stone Mining
19:25 Man-at-Arms
20:19 Forging
20:09 Scale Mail Armor
20:44 Stone Mining
26:52 Castle Age
27:47 Hand Cart
27:32 Town Patrol
27:32 Long Swordsman
27:32 Pikeman
28:51 Caravan
29:01 Heavy Plow
30:37 Stone Shaft Mining
30:16 Bow Saw
31:04 Squires
33:36 Iron Casting
33:16 Chain Mail Armor
38:20 Imperial Age
38:17 Anarchy
39:37 Crop Rotation
40:10 Two-Man Saw
38:34 Two-Handed Swordsman
38:34 Halberdier
40:17 Blast Furnace
39:32 Chain Mail Armor
39:54 Conscription
39:42 Perfusion
40:16 Coinage
39:57 Guilds
39:42 Champion
Makkaroni
1:22 Loom
15:39 Feudal Age
19:41 Castle Age
18:21 Horse Collar
18:38 Gold Mining
18:41 Stone Mining
21:11 Wheelbarrow
20:44 Double-Bit Axe
22:49 Heavy Plow
23:53 Fishing Lines
27:06 Hand Cart
28:46 Gillnets
29:08 Town Watch
29:18 Fletching
29:39 Forging
29:29 Scale Mail Armor
29:34 Scale Barding Armor
34:28 Imperial Age
31:59 Town Patrol
32:39 Caravan
33:09 Coinage
34:25 Bow Saw
34:14 Bodkin Arrow
34:19 Padded Archer Armor
37:50 Bombard Tower
37:51 Ballistics
37:23 Heated Shot
37:14 Treadmill Crane
37:45 Masonry
38:17 Banking
37:57 Guilds
38:30 Elite Janissary
39:30 Sipahi
40:19 Conscription
39:30 Sappers
40:26 Arrowslits
40:31 Guard Tower
40:52 Fortified Wall
40:42 Murder Holes
43:28 Artillery
44:04 Hoardings
44:51 Bloodlines
44:06 Heavy Camel Rider
45:07 Husbandry
44:37 Cavalier
48:15 Bracer
48:33 Leather Archer Armor
48:54 Iron Casting
48:34 Chain Mail Armor
48:40 Chain Barding Armor
53:58 Architecture
54:05 Keep
53:37 Siphons
54:06 Ring Archer Armor
54:36 Blast Furnace
54:07 Plate Mail Armor
54:12 Plate Barding Armor
nonsohny
13:27 Feudal Age
14:06 Double-Bit Axe
16:19 Wheelbarrow
16:03 Horse Collar
24:53 Castle Age
25:55 Bow Saw
25:48 Heavy Plow
26:38 Caravan
30:40 Hand Cart
30:37 Fletching
31:29 Padded Archer Armor
32:36 Leather Archer Armor
33:05 Bodkin Arrow
33:57 Thumb Ring
34:21 Gold Mining
40:31 Imperial Age
38:30 Ballistics
41:54 Conscription
43:59 Bracer
44:29 Ring Archer Armor
47:11 Chemistry
53:30 Rocketry
Knight826x
0:38 Loom
13:46 Feudal Age
19:53 Castle Age
17:49 Double-Bit Axe
17:46 Horse Collar
24:59 Heavy Plow
26:18 Bow Saw
34:06 Imperial Age
32:15 Wheelbarrow
31:50 Scale Barding Armor
33:01 Chain Barding Armor
32:56 Forging
33:35 Hand Cart
34:47 Iron Casting
35:00 Elite War Elephant
36:48 Blast Furnace
37:25 Bloodlines
39:00 Plate Barding Armor
38:19 Fletching
38:45 Masonry
39:12 Crop Rotation
40:09 Husbandry
40:14 Bodkin Arrow
Saino Bros
16:27 Feudal Age
18:40 Horse Collar
19:41 Wheelbarrow
23:19 Castle Age
21:31 Double-Bit Axe
22:38 Gold Mining
24:00 Forging
25:29 Bow Saw
28:00 Heavy Plow
28:56 Stone Mining
30:43 Hand Cart
34:46 Padded Archer Armor
34:37 Fletching
36:22 Caravan
40:45 Leather Archer Armor
40:25 Bodkin Arrow
41:12 Iron Casting
41:20 Ballistics
43:03 Gold Shaft Mining
41:52 Pikeman
42:17 Arson
46:05 Imperial Age
46:30 Halberdier
47:32 Elite Ballista Elephant
Dougladhnn
13:52 Feudal Age
14:14 Horse Collar
14:17 Fishing Lines
14:25 Double-Bit Axe
20:38 Castle Age
21:56 Wheelbarrow
21:47 Bow Saw
22:52 Heavy Plow
22:58 Stone Mining
22:59 Gold Mining
27:01 Hand Cart
27:48 Gold Shaft Mining
27:50 Stone Shaft Mining
31:51 Imperial Age
30:08 Caravan
31:41 Fortified Wall
31:29 Arson
31:45 Squires
31:05 Pikeman
33:05 Ballistics
32:48 Halberdier
33:52 Conscription
34:56 Chemistry
36:11 Shinkichon
36:45 Fletching
37:06 Forging
36:56 Scale Mail Armor
37:01 Scale Barding Armor
39:28 Husbandry
38:48 Cavalier
39:32 Gambesons
39:07 Man-at-Arms
39:48 Long Swordsman
41:20 Bodkin Arrow
42:01 Iron Casting
41:41 Chain Mail Armor
41:47 Chain Barding Armor
41:38 Elite War Wagon
43:35 Two-Handed Swordsman
44:45 Champion
48:39 Murder Holes
48:33 Arrowslits
52:05 Treadmill Crane
52:36 Masonry
bibizin008
0:59 Loom
14:06 Feudal Age
14:53 Double-Bit Axe
14:49 Horse Collar
21:15 Castle Age
25:50 Wheelbarrow
25:00 Town Watch
26:05 Bow Saw
29:35 Wheelbarrow
30:36 Gold Mining
30:36 Stone Mining
30:53 Town Patrol
32:22 Fletching
32:32 Padded Archer Armor
32:44 Forging
32:34 Scale Mail Armor
32:40 Scale Barding Armor
33:47 Hand Cart
36:25 Gold Shaft Mining
36:25 Stone Shaft Mining
40:25 Imperial Age
45:23 Heavy Rocket Cart
50:51 Elite Iron Pagoda
ALISON
13:18 Feudal Age
17:53 Castle Age
16:07 Double-Bit Axe
16:38 Horse Collar
19:59 Gold Mining
20:34 Stone Mining
23:40 Wheelbarrow
27:48 Forging
27:43 Scale Barding Armor
30:24 Bow Saw
30:39 Hand Cart
30:29 Heavy Plow
33:14 Husbandry
37:25 Imperial Age
36:09 Gold Shaft Mining
36:10 Stone Shaft Mining
35:41 Scale Mail Armor
36:17 Iron Casting
36:02 Chain Barding Armor
37:03 Heavy Scorpion
38:02 Caravan
41:24 Chemistry
40:45 Ballistics
39:59 Cavalier
42:40 Savar
47:12 Conscription
Connection lost

Rejoining the realm…

Still unreachable

The connection could not be restored.

Session expired

The server has moved on; the page needs a fresh start.